 Dungeon Sprint DCSS version 0.29-a0-757-g358383bc75 (webtiles) character file.

Game seed: 165552983482541593

665 wilfster70 the Spear-Bearer (level 7, 69/69 HPs)
             Began as a Minotaur Fighter on June 30, 2022.
             Quit the game in the Dungeon (Sprint V: "Ziggurat Sprint").
             The game lasted 00:02:25 (387 turns).

wilfster70 the Spear-Bearer (Minotaur Fighter)       Turns: 387, Time: 00:02:26

Health: 69/69      AC: 28    Str: 33    XL:     7   Next: 31%
Magic:  6/6        EV:  0    Int:  7    God:
Gold:   0          SH: 28    Dex:  9    Spells: 6/6 levels left

rFire   + + .      SeeInvis .   a - +8 lance "Wyrmbane" {slay drac, rPois rF+ rC+ AC+3}
rCold   + + .      Faith    .   c - +18 shield of the Gong {rElec rN+ Will+ EV-5}
rNeg    + . .      Spirit   .   b - +5 gold dragon scales
rPois   +          Reflect  .   (helmet restricted)
rElec   +          Harm     .   x - +2 cloak {rCorr}
rCorr   +          Rampage  .   (no gloves)
Will    +....      NoTele   +   (no boots)
Stlth   ..........              (no amulet)
HPRegen 0.21/turn               p - +6 ring of strength
MPRegen 0.10/turn               q - +6 ring of strength

@: no status effects
A: horns 2, retaliatory headbutt
a: no special abilities


You were in the Dungeon.
You visited 1 branch

Inventory:

Hand Weapons
 a - the +8 lance "Wyrmbane" (weapon) {slay drac, rPois rF+ rC+ AC+3}
   (You found it in the Dungeon)

   It inflicts extra damage against dragons and draconians.
   AC:        It affects your AC (+3).
   rF:        It protects you from fire.
   rC:        It protects you from cold.
   rPois:     It protects you from poison.
Armour
 b - +5 gold dragon scales (worn)
 c - the +18 shield of the Gong (worn) {rElec rN+ Will+ EV-5}
   (You found it in the Dungeon)

   It is deafeningly noisy when blocking attacks.
   EV:        It affects your evasion (-5).
   rElec:     It insulates you from electricity.
   rN:        It protects you from negative energy.
   Will:      It increases your willpower.
 x - a +2 cloak of preservation (worn)
Jewellery
 p - a +6 ring of strength (left hand)
 q - a +6 ring of strength (right hand)
 y - a ring of magical power
Wands
 k - a wand of mindburst (7)
 l - a wand of iceblast (7)
 m - a wand of light (7)
Scrolls
 j - 4 scrolls of blinking
 r - 5 scrolls of identify
 t - 4 scrolls of amnesia
 u - 7 scrolls of fog
 w - 2 scrolls of fear
Potions
 d - 6 potions of might
 e - 10 potions of curing
 f - 10 potions of heal wounds
 g - 6 potions of haste
 h - 7 potions of magic
 i - 3 potions of berserk rage
 n - 2 potions of brilliance
 o - 2 potions of invisibility
 v - 4 potions of resistance
Miscellaneous
 s - a box of beasts


   Skills:
 + Level 8.7 Fighting
 + Level 11.6 Polearms
 + Level 8.9 Armour
 + Level 8.7 Shields
 + Level 6.0 Evocations


You had 6 spell levels left.
You didn't know any spells.
Your spell library was empty.

Dungeon Overview and Level Annotations

Branches:
Dungeon (1/1)

Altars:
Ashenzari
Cheibriados
Dithmenos
Elyvilon
Fedhas
Gozag
Hepliaklqana
Kikubaaqudgha
Makhleb
Nemelex Xobeh
Okawaru
Qazlal
Ru
Sif Muna
Trog
Uskayaw
Vehumet
Wu Jian
Xom
Yredelemnul
Zin
The Shining One
Beogh
Jiyva
Lugonu

Annotations:
D 1 transporter


Innate Abilities, Weirdness & Mutations

You have a pair of horns on your head.
You reflexively headbutt those who attack you in melee.


Message History

GONNNNG!
You block the quasit's attack.
GONNNNG!
You block the quasit's attack.
GONNNNG!
The adder zombie bites you but does no damage.
You miss the quasit.
The quasit is almost dead.
The quasit bites you but does no damage.
You block the quasit's attack.
GONNNNG!
You block the quasit's attack.
PTOANNNG!
You closely miss the quasit. You headbutt the quasit.
You kill the quasit!
You block the adder zombie's attack.
BONNNG!
You impale the ball python skeleton!!
You destroy the ball python skeleton!
You block the adder zombie's attack.
GONNNNG!
You puncture the white imp! You headbutt the white imp.
You kill the white imp!
Your Evocations skill increases to level 6!
You hit the adder zombie.
The adder zombie is moderately damaged.
You block the adder zombie's attack.
BONNNG!
You impale the adder zombie!!
You destroy the adder zombie!
There are no items here.
There is a transporter landing site here.
You see here a +2 cloak of preservation.
x - a +2 cloak of preservation You start putting on your armour.
You continue putting on your +2 cloak of preservation. x4
You finish putting on your +2 cloak of preservation.
You see here the +4 hand axe of Magnificence {elec, +Blink Stlth+}.
y - a ring of magical power Are you sure you want to abandon this character and quit the game? (Confirm with "yes".)

▓.[}}.▓..}..▓.....▓
▓..|..▓.=...▓.).|.▓
▓.....▓.....▓.....▓
▓.....▓.....▓.....▓
▓..)†.▓.....▓..©..▓
▓..©).▓..©..▓▓▓▓▓▓▓
▓▓▓▓▓▓▓▓▓▓▓▓▓▓
▓..8©8...▓
▓..@)}...▓
▓........▓
▓........▓
▓........▓
▓.▓....▓.▓
▓...©....▓
▓▓▓▓▓▓▓▓▓▓


There were no monsters in sight!

Vanquished Creatures
  2 spriggans (D)
  A large abomination (D)
  2 wolves (D)
  A crimson imp (D)
  A quasit (D)
  An iron imp (D)
  3 white imps (D)
  An adder zombie (D)
  A ball python skeleton (D)
13 creatures vanquished.

Notes
Turn   | Place    | Note
-------+----------+-------------------------------------------
     0 | D        | wilfster70 the Minotaur Fighter began the quest for the
                  | Orb.
     0 | D        | Reached XP level 1. HP: 19/19 MP: 0/0
    16 | D        | Found a shimmering blue altar of Sif Muna.
    16 | D        | Found a bloodstained altar of Trog.
    16 | D        | Found a sacrificial altar of Ru.
    16 | D        | Found a stormy altar of Qazlal.
    16 | D        | Found an iron altar of Okawaru.
    18 | D        | Found a sparkling altar of Nemelex Xobeh.
    18 | D        | Found the +6 Majin-Bo {vamp, MP+6 Int+6}
    18 | D        | Found the +9 heavy crossbow "Sniper" {vorpal, Acc+∞ SInv}
    18 | D        | Found the +10 dark maul {vorpal}
    18 | D        | Found the +15 Maxwell's patent armour {-Cast -Tele rElec
                  | Will+ rCorr}
    18 | D        | Found the +18 shield of the Gong {rElec rN+ Will+ EV-5}
    18 | D        | Found the +14 obsidian axe {vorpal, Mesm Drain Fly SInv}
    18 | D        | Found the +7 great mace "Firestarter" {inner flame, rF++}
    18 | D        | Found the +6 shillelagh "Devastator" {shatter}
    18 | D        | Found the +11 plutonium sword {Contam Stlth-}
    18 | D        | Found the +8 lance "Wyrmbane" {slay drac, rPois rF+ rC+
                  | AC+3}
    18 | D        | Found the +9 sword of Zonguldrok {reap}
    18 | D        | Found the +13 scythe of Curses {drain, Drain}
    18 | D        | Found the +5 sword of Power {vorpal}
    18 | D        | Found the +7 mace of Variability {chain chaos}
    18 | D        | Found the +7 Singing Sword {vorpal, sonic wave}
    18 | D        | Found the +8 storm bow {elec, penet}
    19 | D        | Found an ancient bone altar of Kikubaaqudgha.
    19 | D        | Found a transporter.
    19 | D        | Found a corrupted altar of Lugonu.
    19 | D        | Found a viscous altar of Jiyva.
    19 | D        | Found a burning altar of Makhleb.
    19 | D        | Found a hazy altar of Hepliaklqana.
    19 | D        | Found an opulent altar of Gozag.
    63 | D        | Found a blossoming altar of Fedhas.
    68 | D        | Reached skill level 5 in Fighting
    68 | D        | Reached skill level 5 in Polearms
    68 | D        | Reached skill level 5 in Armour
    68 | D        | Reached skill level 5 in Shields
    68 | D        | Reached XP level 2. HP: 29/29 MP: 1/1
    77 | D        | Entered arena 2.
    77 | D        | Noticed a large abomination
    77 | D        | Found a transporter.
    92 | D        | Killed a large abomination
    93 | D        | Reached skill level 7 in Polearms
    93 | D        | Reached XP level 3. HP: 19/37 MP: 2/2
    93 | D        | Reached XP level 4. HP: 23/44 MP: 3/3
   250 | D        | Entered arena 3.
   250 | D        | Found a transporter.
   253 | D        | Reached skill level 8 in Polearms
   257 | D        | Reached XP level 5. HP: 51/51 MP: 4/4
   277 | D        | Entered arena 4.
   277 | D        | Noticed a wolf
   277 | D        | Noticed a wolf
   277 | D        | Noticed a spriggan
   277 | D        | Noticed a spriggan
   277 | D        | Found a transporter.
   283 | D        | Killed a spriggan
   284 | D        | Reached skill level 10 in Polearms
   284 | D        | Reached XP level 6. HP: 48/60 MP: 5/5
   291 | D        | Killed a spriggan
   292 | D        | Reached skill level 5 in Evocations
   298 | D        | Reached skill level 11 in Polearms
   298 | D        | Reached XP level 7. HP: 57/69 MP: 6/6
   360 | D        | Entered arena 5.
   360 | D        | Found a transporter.
   387 | D        | Quit the game

Illustrated notes

Levels and vault maps discovered:
D:        sprint_v [room_start, room_1, room_2, room_3, room_4, room_5, room_6,
          room_7, room_8, room_9, room_10, room_11, room_12, room_13, room_14,
          room_15, room_16, room_17, room_18, room_19, room_20, room_21,
          room_22, room_23, room_24, room_25, room_26, room_27]

Skill      XL: |  1  2  3  4  5  6  7 |
---------------+----------------------+-----
Fighting       | 5 6 7 8 |  8.7
Polearms       | 5 7 8 10 11 | 11.6
Armour         | 5 6 7 8 |  8.9
Shields        | 5 6 7 8 |  8.7
Evocations     | 2 3 4 5 6 |  6.0

Action                   |  1- 3 |  4- 6 |  7- 9 || total
-------------------------+-------+-------+-------++-------
Melee: Lance             |    15 |    29 |    11 ||    55
       Headbutt          |     1 |     2 |     3 ||     6
  Use: Potion            |     1 |       |       ||     1
Armor: Gold dragon scale |       |    16 |     3 ||    19
Block: Kite shield       |     9 |    46 |    14 ||    69

Table legend: (Time is in decaauts)
 A = Elapsed time spent in this place.
 B = Non-inter-level travel time spent in this place.
 C = Inter-level travel time spent in this place.
 D = Time resting spent in this place.
 E = Time spent auto-exploring this place.
 F = Levels seen in this place.
 G = Mean time per level.
                   A        B        C        D        E       F      G
               +--------+--------+--------+--------+--------+-----+--------+
         Total |    375 |    375 |      0 |    204 |      0 |   1 |  375.0 |
       Dungeon |    375 |    375 |      0 |    204 |      0 |   1 |  375.0 |
               +--------+--------+--------+--------+--------+-----+--------+

Top non-repeatable levels by time:
       D: 375 daAuts
